 Dungeon Crawl Stone Soup version 0.29.1-1-gd02db6906a (webtiles) character file.

Game seed: 3594652890520906533

85073 raistware the Devastator (level 15, -6/88 HPs)
             Began as an Octopode Conjurer on Sept 19, 2022.
             Was the Champion of Vehumet.
             Mangled by Asterion
             ... wielding a +2 demon trident of electrocution
              (34 damage)
             ... on level 1 of the Elven Halls on Sept 20, 2022.
             The game lasted 02:04:50 (26714 turns).

raistware the Devastator (Octopode Conjurer)       Turns: 26714, Time: 02:04:55

Health: -6/88      AC: 10    Str: 14    XL:     15   Next: 82%
Magic:  28/33      EV: 14    Int: 26    God:    Vehumet [******]
Gold:   802        SH:  0    Dex: 11    Spells: 15/42 levels left

rFire   + + .      SeeInvis .   s - staff of conjuration
rCold   + . .      Faith    .   (no shield)
rNeg    . . .      Spirit   .   T - +1 hat
rPois   .          Reflect  .   V - amulet of magic regeneration
rElec   .          Harm     .   h - +4 ring of protection
rCorr   .          Rampage  .   v - ring of protection from fire
Will    +....                   B - ring "Qaytuu" {rC+ AC+4}
Stlth   +++.......              n - ring of protection from fire
HPRegen 0.24/turn               d - +6 ring of strength
MPRegen 0.63/turn               (no ring)
                                (no ring)
                                (no ring)

@: about to teleport
A: almost no armour, amphibious, 8 rings, camouflage 1, gelatinous body 1,
(nimble swimmer 1), tentacles
a: Renounce Religion


You were on level 1 of the Elven Halls.
You worshipped Vehumet.
Vehumet was exalted by your worship.
You visited 5 branches of the dungeon, and saw 18 of its levels.
You also visited: Volcano.

You collected 1694 gold pieces.
You spent 892 gold pieces at shops.

Inventory:

Hand Weapons
 O - the +6 longbow "Seoluhoh" {venom, Int+4}
   (You found it on level 9 of the Dungeon)

   Any ammunition fired from it poisons the flesh of those it strikes.
   Int:       It affects your intelligence (+4).
Missiles
 a - 11 javelins
 b - 36 poisoned darts
 f - a throwing net
 C - 4 silver boomerangs
 J - 3 silver javelins
 Q - 6 curare-tipped darts
Armour
 T - a +1 hat (worn)
Magical Staves
 s - a staff of conjuration (weapon)
Jewellery
 d - a +6 ring of strength (on tentacle)
 h - a +4 ring of protection (left tentacle)
 j - an amulet of the acrobat
 n - a ring of protection from fire (on tentacle)
 v - a ring of protection from fire (right tentacle)
 y - an amulet of regeneration
 B - the ring "Qaytuu" (on tentacle) {rC+ AC+4}
   (You found it on level 6 of the Dungeon)

   [ring of protection]

   AC:        It affects your AC (+4).
   rC:        It protects you from cold.
 S - an amulet of reflection
 V - an amulet of magic regeneration (around mantle)
Wands
 K - a wand of paralysis (13)
 R - a wand of quicksilver (4)
 W - a wand of roots (5)
Scrolls
 e - 2 scrolls of teleportation
 i - 4 scrolls of fog
 l - 2 scrolls of silence
 o - 3 scrolls of vulnerability
 p - a scroll of noise {unknown}
 t - 5 scrolls of poison
 u - 2 scrolls of enchant armour
 w - a scroll of torment {unknown}
 x - 2 scrolls of magic mapping
 z - 3 scrolls of immolation
 D - a scroll of summoning {unknown}
 F - a scroll of amnesia {unknown}
 M - 4 scrolls of blinking
 P - 2 scrolls of fear
 U - a scroll of acquirement {unknown}
Potions
 c - a potion of cancellation
 g - 6 potions of heal wounds
 k - 4 potions of brilliance
 m - a potion of berserk rage
 q - 3 potions of haste
 r - a potion of experience {unknown}
 A - 2 potions of curing
 E - 2 potions of flight
 G - 2 potions of lignification
 H - 6 potions of mutation
 I - 2 potions of resistance
 L - a potion of attraction {unknown}
 N - 3 potions of might
 X - a potion of magic
 Y - a potion of ambrosia {unknown}


   Skills:
 - Level 3.0 Fighting
 - Level 2.0 Staves
 - Level 5.0 Dodging
 - Level 3.0 Stealth
 + Level 14.2 Spellcasting
 * Level 18.9 Conjurations
 - Level 2.0 Translocations
 + Level 0.4 Transmutations
 + Level 10.8 Fire Magic
 - Level 6.0 Ice Magic
 - Level 2.0 Evocations


You had 15 spell levels left.
You knew the following spells:

 Your Spells              Type           Power      Damage    Failure   Level
a - Magic Dart            Conj           100%       1d8       0%          1
b - Iskenderun's Mystic   Conj/Tloc      83%        2d16      1%          4
c - Mephitic Cloud        Conj/Pois/Air  67%        N/A       1%          3
d - Frozen Ramparts       Ice            98%        1d15      1%          3
e - Ignite Poison         Fire/Tmut/Pois 38%        N/A       1%          3
f - Freezing Cloud        Conj/Ice/Air   37%        6-21      1%          5
g - Irradiate             Conj/Tmut      40%        3d25      1%          5
q - Blink                 Tloc           56%        N/A       1%          2
z - Apportation           Tloc           56%        N/A       1%          1

Your spell library contained the following spells:

 Spells                   Type           Power      Damage    Failure   Level
 Conjure Ball Lightning   Conj/Air       39%        3x3d13    2%          6
 Searing Ray              Conj           100%       2d8       0%          2
 Ensorcelled Hibernation  Hex/Ice        68%        N/A       1%          2
 Scorch                   Fire           100%       2d10      1%          2
 Dazzling Flash           Conj/Hex       100%       N/A       1%          3
 Inner Flame              Hex/Fire       46%        N/A       1%          3
 Flame Wave               Conj/Fire      97%        2d20      1%          4
 Fulminant Prism          Conj/Hex       39%        3d18      1%          4
 Lightning Bolt           Conj/Air       39%        1d58      1%          5
 Sting                    Tmut/Pois      76%        1d6       2%          1
 Necrotise                Necr           72%        1d7       3%          1
 Summon Small Mammal      Summ           72%        N/A       3%          1
 Sublimation of Blood     Necr           18%        N/A       4%          2
 Lesser Beckoning         Tloc           28%        N/A       4%          3
 Ice Form                 Ice/Tmut       35%        N/A       8%          4
 Confusing Touch          Hex            18%        N/A       9%          3
 Spider Form              Tmut/Pois      19%        N/A       9%          3
 Tukima's Dance           Hex            18%        N/A       9%          3
 Airstrike                Air            9%         2d(2-18)  9%          4
 Summon Ice Beast         Ice/Summ       34%        N/A       9%          4
 Passage of Golubria      Tloc           28%        N/A       13%         4
 Yara's Violent Unravell  Hex/Tmut       9%         3d6       19%         5
 Petrify                  Tmut/Erth      19%        N/A       26%         4
 Anguish                  Hex/Necr       9%         N/A       30%         4
 Cause Fear               Hex            9%         N/A       30%         4
 Corpse Rot               Necr/Pois/Air  18%        N/A       30%         4
 Dispel Undead            Necr           18%        3d11      30%         4
 Summon Lightning Spire   Summ/Air       18%        N/A       30%         4
 Manifold Assault         Tloc           28%        N/A       36%         5
 Death Channel            Necr           9%         N/A       99%         6
 Summon Cactus Giant      Summ           9%         N/A       99%         6
 Enfeeble                 Hex            9%         N/A       100%        7
 Discord                  Hex            9%         N/A       100%        8


Dungeon Overview and Level Annotations

Branches:
Dungeon (9/15)             Temple (1/1) D:6            Lair (5/5) D:9
 Shoals (0/4) Lair:2        Snake (0/4) Lair:3        Slime (0/5) Lair:5
    Orc (2/2) D:9             Elf (1/3) Orc:2       Volcano (visited)

Altars:
Ashenzari
Cheibriados
Dithmenos
Elyvilon
Fedhas
Hepliaklqana
Kikubaaqudgha
Makhleb
Qazlal
Ru
Sif Muna
Trog
Uskayaw
Vehumet
Wu Jian
Xom
Yredelemnul
The Shining One

Shops:
D:5 =   D:6 :   D:8 *   Orc:2 :*(*   Elf:1 [

Portals:
Pandemonium: Orc:2

Annotations:
Elf:1 Asterion


Innate Abilities, Weirdness & Mutations

You cannot wear most types of armour.
You are amphibious.
You can wear up to eight rings at the same time.
Your skin changes colour to match your surroundings (Stealth+).
Your rubbery body absorbs attacks. (AC +1, EV +1)
((You are camouflaged when in or above water. (Stealth+)))
You have tentacles for arms and can constrict up to eight enemies at once.


Message History

The deep elf knight casts a spell at you.
The lance of force hits you!
You are knocked back by the lance of force.
You collide with the deep elf pyromancer!
The deep elf pyromancer is almost dead.
The deep elf pyromancer gestures at you while chanting.
The sticky flame hits you. You resist.
You are covered in liquid flames!
The deep elf pyromancer is engulfed in freezing vapours.
You kill the deep elf pyromancer!
Vehumet accepts your kill.
You feel your power returning.
The fire elemental disappears in a puff of smoke! x2
Asterion is engulfed in freezing vapours.
Asterion hits you from afar with a +2 demon trident of electrocution!!
Casting: Freezing Cloud (dangerous; 1% risk of failure)
Confirm with . or Enter, or press ? or * to list all spells.
You feel a surge of power!
You erupt in a blast of force!
The mystic blast hits Asterion.
Asterion is lightly wounded.
Asterion is knocked back by the mystic blast.
Asterion slams into the rock wall!
Asterion is lightly wounded.
The mystic blast hits the deep elf pyromancer!
You kill the deep elf pyromancer!
Vehumet accepts your kill.
You feel your power returning.
You are covered in liquid flames!
The deep elf knight casts a spell.
The deep elf knight flickers and vanishes!
Deactivating autopickup; reactivate with Ctrl-A.
Unknown command.
Unknown command.
As you read the scroll of teleportation, it crumbles to dust.
You feel strangely unstable.
You are covered in liquid flames!
You are no longer on fire.
Asterion is engulfed in freezing vapours.
Asterion hits you from afar with a +2 demon trident of electrocution!!
You die...

.#..# #..# ..#
.'( .#..#
#..#....# #.
.#..#
#..#....#
.#..#
#..#.§§.#
#..## .#..#
#..#§§§○#
#..#. #..#
#..#§§§.#
#..#. #..#
+..#H§..#
#..#. #..#
#..#....#
#..#.
#{.'.@).#
#..#.
#..######
#..#. ......
#..'. ........
#..#.
#########
##########..##
..............
..............
#######'######
......(.......


You could see Asterion (fast).

Vanquished Creatures
  Gastronok (Lair:1)
  A deep elf sorcerer (Elf:1)
  A deep elf demonologist (Elf:1)
  A demonspawn (Orc:2)
  9 hydras
  2 catoblepae (Lair:5)
  2 ogre magi (Orc:1)
  5 dancing weapons (Elf:1)
  14 death yaks
  A deep troll shaman (Lair:5)
  7 orc high priests (Orc:2)
  Urug (Lair:1)
  A hell knight (Volcano)
  A soul eater (Orc:2)
  A goliath frog (Lair:4)
  A salamander mystic (Volcano)
  6 orc knights (Orc:2)
  A deep elf archer (Elf:1)
  4 deep elf zephyrmancers (Elf:1)
  7 deep elf pyromancers (Elf:1)
  8 orc sorcerers
  A cyclops (Orc:2)
  2 salamanders (Volcano)
  2 black mambas
  A rust devil (Orc:2)
  7 elephants (Lair:5)
  A smoke demon (Orc:2)
  2 molten gargoyles (Volcano)
  9 cane toads
  An orange demon (Orc:2)
  11 komodo dragons
  3 rime drakes
  A troll (Orc:1)
  2 burning bushes (Lair:5)
  3 polar bears
  17 blink frogs (Lair:5)
  3 hornets (Orc:1)
  A snapping turtle (Lair:2)
  Sigmund (D:4)
  An air elemental (Elf:1)
  A wraith (D:9)
  A vampire (D:8)
  2 fire bats (Volcano)
  2 wyverns
  A fire elemental (Elf:1)
  A water elemental (Elf:1)
  62 yaks
  5 basilisks
  A steam dragon (D:8)
  4 swamp worms (Lair:4)
  4 wargs
  2 nagas (Lair:3)
  4 vampire mosquitoes (Lair:4)
  Edmund (D:4)
  Duvessa (D:6)
  A swamp drake (Lair:4)
  14 water moccasins
  35 orc warriors
  A floating eye (Orc:1)
  A sky beast (D:7)
  5 ice beasts
  2 black bears
  37 wolves
  5 centaurs
  12 ogres
  A phantom (D:6)
  7 kobold brigands
  11 bullfrogs
  5 gnoll sergeants
  A necrophage (D:5)
  6 scorpions
  8 wights
  Dowan (D:6)
  13 killer bees
  An electric eel (Lair:4)
  A howler monkey (D:6)
  6 lava snakes (Volcano)
  24 orc priests
  4 hounds
  A gnoll bouda (Orc:1)
  Jessica (D:2)
  20 orc wizards
  Terence (D:2)
  8 iguanas
  Robin (D:2)
  6 adders
  14 gnolls
  3 shadow imps (D:8)
  2 white imps
  A worm (D:3)
  A dart slug (D:2)
  77 orcs
  14 ball pythons
  5 endoplasms
  5 giant cockroaches
  15 goblins
  11 hobgoblins
  3 quokkas
  7 bats
  2 frilled lizards
  A goblin zombie (D:7)
  6 kobolds
  9 rats
  3 bushes (Lair:5)
655 creatures vanquished.

Vanquished Creatures (others)
  A human (D:7)
  An ogre (D:8)
  A scorpion (D:7)
  An orc wizard (D:7)
  An orc (D:7)
  43 fungi
  107 plants
155 creatures vanquished.

Grand Total: 810 creatures vanquished

Notes
Turn   | Place    | Note
-------+----------+-------------------------------------------
     0 | D:1      | raistware the Octopode Conjurer began the quest for the
                  | Orb.
     0 | D:1      | Reached XP level 1. HP: 11/11 MP: 3/3
   192 | D:1      | Reached XP level 2. HP: 16/17 MP: 0/5
   552 | D:1      | You fall into a shaft and drop 1 floor!
   577 | D:2      | Noticed Jessica
   581 | D:2      | Killed Jessica
   582 | D:2      | Reached XP level 3. HP: 11/21 MP: 0/8
   868 | D:2      | Noticed Terence
   889 | D:2      | Killed Terence
   890 | D:2      | Reached skill level 1 in Translocations
   890 | D:2      | Reached XP level 4. HP: 12/27 MP: 1/10
  1429 | D:1      | Found a faded altar of an unknown god.
  1438 | D:1      | Got Plato's Directory of Creation
  1763 | D:1      | Learned a level 4 spell: Iskenderun's Mystic Blast
  2057 | D:2      | Noticed Robin
  2080 | D:2      | Killed Robin
  2083 | D:2      | Reached XP level 5. HP: 17/31 MP: 7/11
  3164 | D:3      | Reached XP level 6. HP: 31/36 MP: 3/13
  3309 | D:3      | Found a burning altar of Makhleb.
  4069 | D:4      | Noticed Edmund
  4121 | D:4      | Noticed an ice beast
  4311 | D:4      | Noticed Sigmund
  4412 | D:4      | Reached skill level 5 in Spellcasting
  4412 | D:4      | Reached skill level 5 in Conjurations
  4525 | D:4      | Killed an ice beast
  4526 | D:4      | Reached XP level 7. HP: 41/41 MP: 0/14
  5284 | D:4      | Killed Edmund
  5440 | D:4      | Killed Sigmund
  5441 | D:4      | Reached skill level 6 in Conjurations
  5441 | D:4      | Reached skill level 1 in Evocations
  5441 | D:4      | Reached skill level 1 in Staves
  5548 | D:4      | Found an ancient bone altar of Kikubaaqudgha.
  5554 | D:4      | Reached skill level 1 in Fighting
  5623 | D:5      | Entered Level 5 of the Dungeon
  5794 | D:5      | Reached XP level 8. HP: 25/48 MP: 2/17
  6248 | D:5      | Found an ornate altar of the Wu Jian Council.
  6514 | D:5      | Found Leoqeret's Jewellery Shop.
  6518 | D:5      | Learned a level 2 spell: Blink
  6682 | D:5      | Paralysed by something for 5 turns
  6692 | D:5      | Paralysed by something for 4 turns
  7097 | D:5      | Reached skill level 7 in Conjurations
  7276 | D:6      | Noticed a yak
  7288 | D:6      | Found Ehaur's Book Boutique.
  7682 | D:6      | Reached XP level 9. HP: 53/53 MP: 15/20
  7691 | D:6      | Reached skill level 8 in Conjurations
  8034 | D:6      | Noticed Dowan
  8080 | D:6      | Noticed Duvessa
  8097 | D:6      | Killed Dowan
  8098 | D:6      | Killed Duvessa
  8362 | D:6      | Found a staircase to the Ecumenical Temple.
  8367 | Temple   | Entered the Ecumenical Temple
  8392 | Temple   | Became a worshipper of Vehumet
  8410 | D:6      | Identified the ring "Qaytuu" {rC+ AC+4}
  8598 | D:6      | Bought the Treatise on Nocuous Attacks for 132 gold pieces
  8602 | D:6      | Learned a level 3 spell: Mephitic Cloud
  8717 | D:7      | Found a runed translucent door.
  8721 | D:7      | Found a basalt altar of Yredelemnul.
  9458 | D:7      | Reached skill level 10 in Spellcasting
  9682 | D:7      | Found a sacrificial altar of Ru.
  9963 | D:7      | Found a glowing golden altar of the Shining One.
 10328 | D:8      | Found Wimah's Assorted Antiques.
 10337 | D:8      | Bought a white potion for 30 gold pieces
 10337 | D:8      | Bought a scroll labelled OSILER YDIRR for 34 gold pieces
 10337 | D:8      | Bought a scroll labelled EXKOZI FOME for 34 gold pieces
 10337 | D:8      | Bought a red potion for 30 gold pieces
 10358 | D:8      | Reached * piety under Vehumet
 10358 | D:8      | Offered knowledge of Shock by Vehumet.
 10359 | D:8      | Reached XP level 10. HP: 54/60 MP: 9/24
 10363 | D:8      | Reached skill level 9 in Conjurations
 11050 | D:8      | Paralysed by a centaur for 5 turns
 11064 | D:8      | Reached skill level 10 in Conjurations
 11235 | D:8      | Offered knowledge of Sandblast by Vehumet.
 11368 | D:8      | Reached ** piety under Vehumet
 11369 | D:8      | Reached skill level 11 in Conjurations
 12366 | D:9      | Found a staircase to the Lair.
 12487 | D:9      | Identified the +6 longbow "Seoluhoh" {venom, Int+4}
 12622 | D:9      | Reached XP level 11. HP: 52/64 MP: 7/25
 12912 | D:9      | Reached skill level 12 in Conjurations
 12914 | D:9      | Offered knowledge of Conjure Flame by Vehumet.
 13204 | D:9      | Found a bloodstained altar of Trog.
 13531 | D:9      | Found a staircase to the Orcish Mines.
 13621 | Lair:1   | Entered Level 1 of the Lair of Beasts
 13621 | Lair:1   | Noticed a death yak
 13894 | Lair:1   | Reached skill level 1 in Fire Magic
 14369 | Lair:1   | Reached *** piety under Vehumet
 14369 | Lair:1   | Noticed Gastronok
 14613 | Lair:2   | Found a dark tunnel.
 14622 | Volcano  | Entered a volcano
 15017 | Volcano  | Learned a level 3 spell: Frozen Ramparts
 15126 | Volcano  | Found a bloodstained altar of Trog.
 15126 | Volcano  | Noticed a salamander
 15126 | Volcano  | Noticed a salamander
 15126 | Volcano  | Noticed a salamander mystic
 15126 | Volcano  | Noticed a salamander
 15142 | Volcano  | Killed a salamander mystic
 15143 | Volcano  | Reached skill level 1 in Ice Magic
 15144 | Volcano  | Killed a salamander
 15228 | Volcano  | Noticed a hell knight
 15248 | Volcano  | Killed a hell knight
 15368 | Volcano  | Noticed a salamander
 15388 | Volcano  | Killed a salamander
 15389 | Volcano  | Reached XP level 12. HP: 49/72 MP: 6/28
 15680 | Lair:2   | Offered knowledge of Ignite Poison by Vehumet.
 15688 | Lair:2   | Learned a level 3 spell: Ignite Poison
 16238 | Lair:2   | Reached skill level 13 in Conjurations
 16346 | Lair:2   | Found a staircase to the Shoals.
 16558 | Lair:2   | You fall into a shaft and drop 2 floors!
 16558 | Lair:4   | Noticed a seven-headed hydra
 16569 | Lair:4   | Reached **** piety under Vehumet
 16589 | Lair:4   | Offered knowledge of Iskenderun's Battlesphere by Vehumet.
 16638 | Lair:4   | Reached skill level 14 in Conjurations
 16848 | Lair:4   | Noticed a four-headed hydra
 16947 | Lair:4   | Noticed a four-headed hydra
 16964 | Lair:4   | Killed a four-headed hydra
 17116 | Lair:2   | Found a shimmering blue altar of Sif Muna.
 17577 | Lair:2   | Reached skill level 15 in Conjurations
 17633 | Lair:3   | Noticed a death yak
 17633 | Lair:3   | Noticed a death yak
 17793 | Lair:1   | Noticed a death yak
 17793 | Lair:1   | Noticed a death yak
 17800 | Lair:1   | Noticed a death yak
 17802 | Lair:1   | Killed a death yak
 17805 | Lair:1   | Killed a death yak
 17805 | Lair:1   | Killed a death yak
 17805 | Lair:1   | Noticed a death yak
 17806 | Lair:1   | Reached XP level 13. HP: 77/77 MP: 8/29
 17809 | Lair:1   | Noticed Urug
 17820 | Lair:1   | Killed Urug
 17828 | Lair:1   | Reached skill level 5 in Fire Magic
 18262 | Lair:1   | Killed Gastronok
 19213 | Lair:3   | Found a staircase to the Snake Pit.
 19399 | Lair:3   | Reached ***** piety under Vehumet
 19399 | Lair:3   | Offered knowledge of Freezing Cloud by Vehumet.
 20035 | Lair:4   | Learned a level 5 spell: Freezing Cloud
 20233 | Lair:4   | Reached skill level 16 in Conjurations
 20755 | Lair:5   | Entered Level 5 of the Lair of Beasts
 20777 | Lair:5   | Reached XP level 14. HP: 67/83 MP: 28/31
 20935 | Lair:5   | Found a staircase to the Slime Pits.
 21053 | Lair:5   | Reached skill level 5 in Ice Magic
 21638 | Lair:5   | Reached skill level 17 in Conjurations
 21667 | Lair:5   | Identified the +4 battleaxe of Brutal Revenge {drain, rC+
                  | Will+ Dex+2 Stlth+}
 22895 | Orc:1    | Entered Level 1 of the Orcish Mines
 23274 | Orc:1    | Offered knowledge of Hailstorm by Vehumet.
 23468 | Orc:1    | Reached ****** piety under Vehumet
 23811 | Orc:2    | Entered Level 2 of the Orcish Mines
 23811 | Orc:2    | Found a staircase to the Elven Halls.
 23821 | Orc:2    | Reached XP level 15. HP: 88/88 MP: 16/32
 24276 | Orc:2    | Found Qugro's General Store.
 24282 | Orc:2    | Found Akiabokk's General Store.
 24289 | Orc:2    | Reached skill level 18 in Conjurations
 24505 | Orc:2    | Bought a potion of magic for 112 gold pieces
 24691 | Orc:2    | Reached skill level 10 in Fire Magic
 25117 | Orc:2    | Offered knowledge of Conjure Ball Lightning by Vehumet.
 25119 | Orc:2    | Reached skill level 5 in Dodging
 25417 | Orc:2    | Found Hiucs's Antique Weapon Shop.
 25417 | Orc:2    | Found Ricran's Book Boutique.
 25418 | Orc:2    | Found a one-way gate leading to the halls of Pandemonium.
 25426 | Orc:2    | Bought a book of Cantrips for 156 gold pieces
 25426 | Orc:2    | Bought a book of Alchemy for 364 gold pieces
 25432 | Orc:2    | Learned a level 5 spell: Irradiate
 25434 | Orc:2    | Learned a level 1 spell: Apportation
 25625 | Elf:1    | Entered Level 1 of the Elven Halls
 26202 | Elf:1    | Noticed a deep elf sorcerer
 26208 | Elf:1    | Killed a deep elf sorcerer
 26377 | Elf:1    | Found Zewnofei's Antique Armour Boutique.
 26465 | Elf:1    | Noticed a deep elf sorcerer
 26709 | Elf:1    | Noticed Asterion
 26714 | Elf:1    | Mangled by Asterion

Illustrated notes

Levels and vault maps discovered:
D:1:      dpeg_arrival_solitude, layout_loops_corners,
          shapermc_ecumenical_altar_rom_forum
D:2:      layout_basic, uniq_terence, uniq_robin, uniq_jessica
D:3:      layout_basic, bloody_makhleb, hex_large
D:4:      layout_rooms, mainiacjoe_overflow_alcove_1, reono_crystal_passage,
          uniq_edmund, uniq_sigmund
D:5:      layout_basic, nzn_wu_jian_council_hall, serial_shops,
          nicolae_stop_n_shop_1
D:6:      layout_rooms, minmay_temple_entry_nine_rooms, serial_shops,
          nicolae_shop_hallway_plus, kennysheep_generic_room_9, uniq_duvessa
D:7:      layout_loops_corners, tso_altar, lemuel_round_altar,
          dk_yredelemnul_ordeal
D:8:      layout_cave_pools, serial_shops, nicolae_shop_overgrown_old_shop,
          grunt_ogre_cave, st_stairs_11, minmay_misc_feat_x,
          minmay_misc_feat_diagonals, glass_columns_a
D:9:      layout_basic, trog_butcher_becter, lair_entry_dummy,
          kennysheep_orc_monster_closet_entryway
Temple:   nicolae_temple_bog_church
Lair:1:   layout_loops_ring, uniq_urug, uniq_gastronok
Lair:2:   beast_lair_carwin_large_1, layout_chaotic_city,
          minmay_shoals_entry_hut, basic_altar,
          lightli_volcano_entry_magma_tube, ldierk_geyser,
          nicolae_quartered_pool_little
Lair:3:   layout_hall_layers, minmay_snake_entry_guardpost_medium,
          grunt_megastairs_2, lemuel_fruit_tree
Lair:4:   onia_ninara_swampy_vault, layout_regular_city, gauntlet_entry_generic,
          serial_bayou_lagoon_b
Lair:5:   grunt_lair_end_beastmaster, layout_gridlike, slime_entry_1,
          evilmike_ambush [evilmike_ambush_outer_pillars,
          evilmike_ambush_inner_basic], grunt_megastairs_1
Orc:1:    hellmonk_paralyzer, layout_diamond_mine
Orc:2:    pf_orc_diabolical, layout_caves
Elf:1:    eino_elf_arrival_shootout, layout_onion_city, serial_shops, shop,
          hangedman_elf_represent, lemuel_upstairs_altar, uniq_asterion

Skill      XL: |  1  2  3  4  5  6  7  8  9 10 11 12 13 14 15 |
---------------+----------------------------------------------+-----
Spellcasting   | 3 4 5 6 7 10 12 13 14 | 14.2
Translocations | 1 2 |  2.0
Stealth        | 3 |  3.0
Conjurations   | 5 6 7 8 11 12 15 16 17 18 | 18.9
Evocations     | 1 2 |  2.0
Staves         | 1 2 |  2.0
Fighting       | 1 2 3 |  3.0
Fire Magic     | 4 8 9 10 | 10.8
Ice Magic      | 3 4 6 |  6.0
Dodging        | 3 4 5 |  5.0
Transmutations | |  0.4

Action                   |  1- 3 |  4- 6 |  7- 9 | 10-12 | 13-15 || total
-------------------------+-------+-------+-------+-------+-------++-------
Melee: Unarmed           |    10 |       |       |       |       ||    10
       Constrict         |     4 |    11 |    16 |    24 |    19 ||    74
       Tentacles         |     2 |     5 |    31 |    34 |    28 ||   100
       Punch             |     1 |       |       |     4 |     1 ||     6
       Dagger            |     3 |    45 |       |       |       ||    48
       Staff             |       |     2 |    77 |   122 |    97 ||   298
Throw: Dart              |     6 |     5 |    17 |    18 |    12 ||    58
       Boomerang         |       |       |       |     4 |       ||     4
       Throwing net      |       |       |       |     1 |     2 ||     3
 Cast: Magic Dart        |    45 |   128 |   222 |   368 |    98 ||   861
       Iskenderun's Myst |       |     2 |    32 |   160 |   157 ||   351
       Mephitic Cloud    |       |       |     5 |    14 |     3 ||    22
       Frozen Ramparts   |       |       |       |    12 |    18 ||    30
       Ignite Poison     |       |       |       |     7 |     3 ||    10
       Freezing Cloud    |       |       |       |       |   151 ||   151
       Irradiate         |       |       |       |       |     6 ||     6
Evoke: Wand              |       |     5 |    20 |    24 |     2 ||    51
  Use: Potion            |       |       |     3 |     4 |     3 ||    10
       Scroll            |       |       |       |    20 |     3 ||    23
 Stab: Sleeping          |       |     2 |     2 |       |     3 ||     7
       Paralysed         |       |       |    18 |    21 |       ||    39
       Confused          |       |       |     2 |       |       ||     2
       Distracted        |       |       |       |       |     1 ||     1
Armor: Skin              |     6 |    26 |    75 |    61 |    37 ||   205
Dodge: Dodged            |     8 |    53 |    93 |   178 |    84 ||   416
Block: Other             |       |       |       |       |     8 ||     8
